 Dungeon Crawl Stone Soup version 0.26.1-10-gdfb7c7de75 (webtiles) character file.

Game seed: 14706027789934287224

8022 tardwrangler69 the Slicer (level 11, -12/62 HPs)
             Began as a Vine Stalker Fighter on Apr 9, 2021.
             Was a High Priest of Okawaru.
             Mangled by Sonja
             ... wielding a +1 short sword of distortion
              (14 damage)
             ... on level 10 of the Dungeon.
             The game lasted 00:11:16 (8140 turns).

tardwrangler69 the Slicer (Vine Stalker Fighter)    Turns: 8140, Time: 00:11:16

Health: -12/62     AC: 12    Str: 22    XL:     11   Next: 24%
Magic:  0/15       EV: 12    Int:  8    God:    Okawaru [*****.]
Gold:   756        SH: 12    Dex: 14    Spells: 10/10 levels left

rFire    . . .     SeeInvis +   a - +1 rapier
rCold    + . .     Faith    .   c - +0 kite shield
rNeg     . . .     Spirit   +   n - +2 ring mail {rC+}
rPois    .         Reflect  .   j - +1 helmet
rElec    .         Harm     .   w - +0 cloak
rCorr    .         Rampage  .   (no gloves)
Will     ++...                  (no boots)
Stlth    ++........             e - amulet of regeneration
HPRegen  1.00/turn              b - ring of see invisible
MPRegen  0.14/turn              y - ring of willpower

@: brilliant, lethally poisoned (-12 -> -17), about to teleport, heroism,
slowed, very slow
A: fangs 3, regeneration 1, magic shield, antimagic bite, no potion heal 3
a: Renounce Religion, Heroism, Finesse


You were on level 10 of the Dungeon.
You worshipped Okawaru.
Okawaru was extremely pleased with you.
You visited 1 branch of the dungeon, and saw 10 of its levels.

You collected 782 gold pieces.
You spent 26 gold pieces at shops.

Inventory:

Hand Weapons
 a - a +1 rapier (weapon)
Armour
 c - a +0 kite shield (worn)
 j - a +1 helmet (worn)
 n - a +2 ring mail of cold resistance (worn)
 w - a +0 cloak (worn)
 G - the +0 ring mail "Heogh" {rF+++}
   (You found it on level 6 of the Dungeon)

   It renders you almost immune to fire.
Jewellery
 b - a ring of see invisible (left hand)
 e - an amulet of regeneration (around neck)
 y - a ring of willpower (right hand)
Wands
 B - a wand of acid (9)
 D - a wand of enslavement (7)
 E - a wand of flame (23)
Scrolls
 f - 2 scrolls of teleportation
 g - 9 scrolls of identify
 h - 3 scrolls of amnesia
 i - 3 scrolls of magic mapping
 m - 5 scrolls of remove curse
 p - 2 scrolls of fear
 q - 2 scrolls of fog
 s - 4 scrolls of enchant armour
 u - 2 scrolls of blinking
 C - a scroll of random uselessness {unknown}
Potions
 d - 3 potions of might
 k - 3 potions of resistance
 l - a potion of cancellation
 o - 3 potions of attraction
 r - a potion of haste
 t - 2 potions of lignification
 v - a potion of brilliance
 x - 2 potions of invisibility
 z - 2 potions of curing {unknown}
 F - a potion of berserk rage
Miscellaneous
 A - a condenser vane


   Skills:
 + Level 9.0(14.0) Fighting
 - Level 12.0(17.0) Short Blades
 - Level 2.4(7.4) Armour
 - Level 4.0(9.0) Shields
 + Level 4.6 Invocations


You had 10 spell levels left.
You didn't know any spells.
Your spell library contained the following spells:

 Spells                   Type           Power        Failure   Level
 Beastly Appendage        Tmut           0%           82%         1
 Corona                   Hex            0%           82%         1
 Ensorcelled Hibernation  Hex/Ice        0%           91%         2
 Wereblood                Tmut           0%           91%         2
 Confusing Touch          Hex            0%           99%         3
 Dazzling Flash           Conj/Hex       0%           99%         3
 Gell's Gravitas          Tloc           0%           99%         3
 Spider Form              Tmut/Pois      0%           99%         3
 Tukima's Dance           Hex            0%           99%         3
 Cause Fear               Hex            0%           100%        4
 Ice Form                 Ice/Tmut       0%           100%        4
 Petrify                  Tmut/Erth      0%           100%        4
 Blade Hands              Tmut           0%           100%        5
 Metabolic Englaciation   Hex/Ice        0%           100%        5
 Silence                  Hex/Air        0%           100%        5
 Yara's Violent Unravell  Hex/Tmut       0%           100%        5
 Discord                  Hex            0%           100%        8


Dungeon Overview and Level Annotations

Branches:
Dungeon (10/15)            Temple (0/1) D:6            Lair (0/6) D:9
    Orc: D:9-12

Altars:
Elyvilon
Fedhas
Gozag
Hepliaklqana
Makhleb
Nemelex Xobeh
Okawaru
Trog
Vehumet
Wu Jian
Xom
Zin
The Shining One

Shops:
D:8 (*   D:9 *

Annotations:
D:4 2 runed translucent doors
D:10 Sonja


Innate Abilities, Weirdness & Mutations

You have razor-sharp teeth.
Your natural rate of healing is unusually fast.
When hurt, damage is shared between your health and your magic reserves.
Your bite disrupts and absorbs the magic of your enemies.
Potions cannot restore your health.


Message History

Sonja hits you with a +1 short sword of distortion.
You blink.
As you read the scroll of teleportation, it crumbles to dust.
You feel strangely unstable.
You feel sick.
Sonja throws a curare-tipped dart.
The curare-tipped dart hits you.
You are more poisoned.
You have difficulty breathing.
* * * LOW HITPOINT WARNING * * *
You feel as though you will be slow longer.
* * * LOW HITPOINT WARNING * * *
You feel very sick.
It was a potion of brilliance.
You feel clever all of a sudden.
* * * LOW HITPOINT WARNING * * *
You feel very sick. You block Sonja's attack.
Sonja hits you with a +1 short sword of distortion.
* * * LOW HITPOINT WARNING * * *
Space warps horribly around you!
You die...

.....#...:.....##.#
#
...#......####....#.
....###.....(.......
......#.##..####....
...##.#.###..#### .
................###
..K.....((#.......#
...#.#.#######K#.##
#...# #.@..## #.###
###...# # #####


You could see Sonja.

Vanquished Creatures
  Erica (D:8)
  2 two-headed ogres
  Pikel (D:5)
  Sigmund (D:3)
  3 wraiths
  4 yaks (D:10)
  2 wargs (D:8)
  Edmund (D:5)
  A water moccasin (D:8)
  5 orc warriors
  A black bear (D:6)
  3 ogres
  2 ice beasts
  2 sky beasts
  A phantom (D:4)
  A necrophage (D:6)
  2 centaurs
  A big kobold (D:10)
  4 bullfrogs
  Blork the orc (D:5)
  A gnoll sergeant (D:9)
  4 wyvern zombies
  3 scorpions
  2 water moccasin skeletons (D:7)
  3 wights (D:6)
  3 howler monkeys (D:7)
  7 hounds
  5 orc priests
  2 bullfrog skeletons
  2 jellies
  8 orc wizards
  An iguana (D:4)
  8 worker ants
  5 gnolls
  17 adders
  4 white imps
  An ufetubus (D:10)
  3 oozes
  An adder skeleton (D:4)
  2 adder zombies
  A worm (D:2)
  A dart slug (D:1)
  11 leopard geckos
  36 orcs
  8 bats
  7 giant cockroaches
  8 goblins
  9 hobgoblins
  7 jackals
  13 kobolds
  7 quokkas
  4 ball pythons
  A ball python skeleton (D:4)
  5 frilled lizards
  2 jackal skeletons (D:4)
  A jackal zombie (D:9)
  A leopard gecko skeleton (D:6)
  A leopard gecko zombie (D:8)
  A quokka skeleton (D:5)
  A quokka zombie (D:8)
  6 rats
252 creatures vanquished.

Vanquished Creatures (others)
  A plant (D:9)
1 creature vanquished.

Grand Total: 253 creatures vanquished

Notes
Turn   | Place    | Note
-------+----------+-------------------------------------------
     0 | D:1      | tardwrangler69 the Vine Stalker Fighter began the quest for
                  | the Orb.
     0 | D:1      | Reached XP level 1. HP: 11/11 MP: 2/2
    32 | D:1      | Reached skill level 2 in Short Blades
   293 | D:1      | Reached XP level 2. HP: 16/16 MP: 3/3
   757 | D:1      | Reached XP level 3. HP: 20/20 MP: 4/4
   981 | D:2      | You fall into a shaft and drop 2 floors!
   999 | D:4      | Reached skill level 3 in Short Blades
   999 | D:4      | Gained mutation: Your natural rate of healing is unusually
                  | fast. [Vine Stalker growth]
   999 | D:4      | Reached XP level 4. HP: 17/24 MP: 3/5
  1298 | D:2      | Reached XP level 5. HP: 28/28 MP: 6/6
  1309 | D:2      | Reached skill level 4 in Short Blades
  1513 | D:2      | Found a sparkling altar of Nemelex Xobeh.
  1572 | D:2      | Found an iron altar of Okawaru.
  1610 | D:2      | Became a worshipper of Warmaster Okawaru
  2202 | D:3      | Reached XP level 6. HP: 33/33 MP: 7/7
  2285 | D:3      | Noticed Sigmund
  2299 | D:3      | Killed Sigmund
  2300 | D:3      | Reached skill level 5 in Short Blades
  2418 | D:4      | Reached XP level 7. HP: 38/38 MP: 8/8
  2455 | D:4      | Found a radiant altar of Vehumet.
  2548 | D:4      | Found a glowing golden altar of the Shining One.
  2559 | D:4      | Reached skill level 6 in Short Blades
  2963 | D:4      | Found a large runed translucent door.
  2964 | D:4      | Found a large runed translucent door.
  3145 | D:4      | Found a large runed translucent door.
  3146 | D:4      | Found a large runed translucent door.
  3167 | D:4      | Reached skill level 5 in Fighting
  3260 | D:4      | Reached * piety under Okawaru
  3306 | D:4      | Gained mutation: You have razor-sharp teeth. [Vine Stalker
                  | growth]
  3306 | D:4      | Reached XP level 8. HP: 43/43 MP: 9/9
  3405 | D:4      | Found a shimmering altar of Xom.
  3654 | D:4      | Reached skill level 7 in Short Blades
  3724 | D:5      | Entered Level 5 of the Dungeon
  3763 | D:5      | Noticed Blork the orc
  3771 | D:5      | Killed Blork the orc
  3864 | D:5      | Found a bloodstained altar of Trog.
  3865 | D:5      | Found an iron altar of Okawaru.
  3901 | D:5      | Reached ** piety under Okawaru
  4117 | D:5      | Reached skill level 8 in Short Blades
  4235 | D:5      | Noticed Edmund
  4248 | D:5      | Killed Edmund
  4364 | D:5      | Noticed Pikel
  4387 | D:5      | Killed Pikel
  4388 | D:5      | Reached skill level 9 in Short Blades
  4388 | D:5      | Reached XP level 9. HP: 45/49 MP: 10/10
  4553 | D:6      | Found a staircase to the Ecumenical Temple.
  4872 | D:6      | Reached *** piety under Okawaru
  4885 | D:6      | Got a scorched ring mail
  4896 | D:6      | Identified the cursed +0 ring mail "Heogh" {rF+++} (You
                  | found it on level 6 of the Dungeon)
  5260 | D:7      | Reached skill level 10 in Short Blades
  5762 | D:7      | Reached XP level 10. HP: 20/56 MP: 9/11
  6050 | D:8      | Noticed Erica
  6051 | D:8      | Found Yseku's Weapon Boutique.
  6064 | D:8      | Killed Erica
  6064 | D:8      | Reached **** piety under Okawaru
  6065 | D:8      | Reached skill level 1 in Invocations
  6283 | D:8      | Noticed a two-headed ogre
  6290 | D:8      | Killed a two-headed ogre
  6291 | D:8      | Reached skill level 11 in Short Blades
  6388 | D:8      | Found an ornate altar of the Wu Jian Council.
  6527 | D:8      | Found Zin's Purification Station.
  6527 | D:8      | Found a glowing silver altar of Zin.
  6751 | D:8      | Found a white marble altar of Elyvilon.
  6751 | D:8      | Found a blossoming altar of Fedhas.
  7080 | D:9      | Found a staircase to the Lair.
  7175 | D:9      | Reached ***** piety under Okawaru
  7295 | D:9      | Found a hazy altar of Hepliaklqana.
  7369 | D:9      | Found Qinu's Assorted Antiques.
  7371 | D:9      | Noticed a two-headed ogre
  7387 | D:9      | Killed a two-headed ogre
  7387 | D:9      | Received a gift from Okawaru
  7388 | D:9      | Reached XP level 11. HP: 40/60 MP: 12/14
  7389 | D:9      | Bought a scroll labelled XAOS KODDOGIES for 26 gold pieces
  7561 | D:9      | Found an opulent altar of Gozag.
  7674 | D:9      | Found a burning altar of Makhleb.
  7763 | D:10     | Entered Level 10 of the Dungeon
  8005 | D:10     | Reached skill level 12 in Short Blades
  8120 | D:10     | Noticed Sonja
  8140 | D:10     | HP: 2/62 [Sonja/+1 short sword of distortion (2)]
  8140 | D:10     | Mangled by Sonja

Illustrated notes

Levels and vault maps discovered:
D:1:      dpeg_arrival_windows_large_door, layout_loops_ring, minivault_11
D:2:      layout_loops_ring, nemelex_xobeh_ov_fountains_minmay,
          chequers_serial_rivers_small_3, okawaru_altar_gauntlet_db
D:3:      layout_basic, uniq_sigmund
D:4:      minmay_door_path, layout_loops_ring, lemuel_coloured_pillars_altar,
          fiery_altar_vehumet, nicolae_tso_carved_into_rock,
          minmay_hollow_rounded_squares
D:5:      layout_gridville, grunt_temple_overflow_bloody_war,
          columned_hall_lemuel, chequers_serial_rivers_marsh, uniq_edmund,
          uniq_blork_the_orc, uniq_pikel
D:6:      layout_rooms, minmay_temple_entry_large_hall,
          kennysheep_generic_room_15
D:7:      layout_cave_pods
D:8:      layout_loops_ring, zin_purify, overflow_temple_1_default,
          gammafunk_temple_overflow_wave, serial_shops, shop, uniq_erica
D:9:      layout_roguey, kennysheep_mini, nicolae_overflow_hidden_temple,
          grunt_gozag_statues, erik_lair_orcish_takeover, serial_shops,
          shop_statue
D:10:     layout_rooms, orc_0_dummy, kennysheep_diamond, uniq_urug, uniq_sonja,
          uniq_josephine

Skill      XL: |  1  2  3  4  5  6  7  8  9 10 11 |
---------------+----------------------------------+-----
Short Blades   | 2 3 4 5 6 9 10 11 12 | 12.0
Fighting       | 3 4 5 6 7 8 9 |  9.0
Shields        | 4 |  4.0
Invocations    | 3 4 |  4.6
Armour         | |  2.4

Action                   |  1- 3 |  4- 6 |  7- 9 | 10-12 || total
-------------------------+-------+-------+-------+-------++-------
Melee: Rapier            |    63 |   200 |   400 |   345 ||  1008
       Bite              |    14 |    42 |   129 |   117 ||   302
Invok: Heroism           |       |       |     7 |     7 ||    14
Evoke: Condenser vane    |       |       |     1 |       ||     1
  Use: Scroll            |       |       |    19 |     4 ||    23
       Potion            |       |       |       |     1 ||     1
 Stab: Confused          |       |       |     1 |       ||     1
Armor: Scale mail        |    30 |    74 |       |       ||   104
       Ring mail         |       |    18 |   106 |    80 ||   204
Dodge: Dodged            |    14 |    66 |   120 |    83 ||   283
Block: Kite shield       |    37 |   110 |   166 |   141 ||   454
